 Dungeon Crawl Stone Soup version 0.26.1-11-gd32895ea62 (webtiles) character file.

Game seed: 1630980049183026710

2714 Zeld the Chucker (level 9, 0/89 HPs)
             Began as a Troll Hunter on Sept 11, 2021.
             Was an Initiate of Okawaru.
             Slain by a komodo dragon (28 damage)
             ... on level 8 of the Dungeon.
             The game lasted 00:12:30 (10383 turns).

Zeld the Chucker (Troll Hunter)                    Turns: 10383, Time: 00:12:31

Health: 0/89       AC: 15    Str: 25    XL:     9   Next: 39%
Magic:  8/8        EV: 11    Int:  7    God:    Okawaru [......]
Gold:   450        SH:  0    Dex: 10    Spells: 8/8 levels left

rFire    . . .     SeeInvis .   a - +2 morningstar (protect)
rCold    . . .     Faith    .   (no shield)
rNeg     . . .     Spirit   .   b - +0 robe
rPois    .         Reflect  .   s - +1 hat
rElec    .         Harm     .   p - +0 cloak
rCorr    .         Rampage  .   (gloves unavailable)
Will     .....                  (boots unavailable)
Stlth    +.........             (no amulet)
HPRegen  0.64/turn              (no ring)
MPRegen  0.11/turn              (no ring)

@: protection aura
A: large, unfitting armour, claws 3, regeneration 1, shaggy fur 1, tough skin 3
a: Renounce Religion


You were on level 8 of the Dungeon.
You worshipped Okawaru.
Okawaru was noncommittal.
You visited 2 branches of the dungeon, and saw 10 of its levels.

You collected 450 gold pieces.

Inventory:

Hand Weapons
 a - a +2 morningstar of protection (weapon)
 F - a cursed +0 giant spiked club
Missiles
 c - 13 large rocks (quivered)
 d - a throwing net
 J - 2 javelins
Armour
 b - a +0 robe (worn)
 p - a +0 cloak (worn)
 s - a +1 hat (worn)
Jewellery
 f - a +4 ring of protection {unknown}
 m - an uncursed amulet of reflection {unknown}
 C - a +4 ring of slaying {unknown}
 E - an uncursed ring of wizardry {unknown}
Wands
 l - a wand of iceblast (10)
 x - a wand of digging (14)
 y - a wand of acid (7)
Scrolls
 e - 3 scrolls of magic mapping {unknown}
 j - a scroll of immolation {unknown}
 k - 8 scrolls of remove curse {unknown}
 q - 2 scrolls of enchant armour {unknown}
 r - a scroll of fog {unknown}
 t - 3 scrolls of amnesia {unknown}
 w - 5 scrolls of identify {unknown}
 B - a scroll of noise {unknown}
 H - a scroll of enchant weapon {unknown}
 I - a scroll of teleportation {unknown}
 K - a scroll of random uselessness {unknown}
Potions
 g - 2 potions of mutation {unknown}
 h - a potion of brilliance {unknown}
 i - 3 potions of attraction {unknown}
 n - 3 potions of haste {unknown}
 o - 3 potions of heal wounds {unknown}
 u - a potion of degeneration {unknown}
 v - a potion of lignification {unknown}
 z - a potion of magic {unknown}
 A - 4 potions of curing
 D - a potion of ambrosia {unknown}
 G - a potion of flight {unknown}


   Skills:
 * Level 5.9 Fighting
 * Level 4.4 Maces & Flails
 * Level 7.3 Throwing
 + Level 3.7 Armour
 + Level 4.2 Dodging
 - Level 0.3 Stealth


You had 8 spell levels left.
You didn't know any spells.
Your spell library contained the following spells:

 Spells                   Type           Power        Failure   Level
 Sandblast                Erth           0%           43%         1
 Passwall                 Tmut/Erth      0%           56%         2
 Stone Arrow              Conj/Erth      0%           80%         3
 Petrify                  Tmut/Erth      0%           99%         4
 Lee's Rapid Deconstruct  Erth           0%           100%        5


Dungeon Overview and Level Annotations

Branches:
Dungeon (9/15)             Temple (1/1) D:5
   Lair: D:8-11         Orc: D:9-12

Altars:
Ashenzari
Cheibriados
Dithmenos
Elyvilon
Fedhas
Gozag
Hepliaklqana
Kikubaaqudgha
Makhleb
Nemelex Xobeh
Okawaru
Qazlal
Ru
Sif Muna
Trog
Uskayaw
Vehumet
Wu Jian
Xom
Yredelemnul
Zin
The Shining One

Annotations:
D:8 3 runed translucent doors, Ekaitz's ghost, novice DrCj


Innate Abilities, Weirdness & Mutations

You are too large for most types of armour.
You have claws for hands.
Your natural rate of healing is unusually fast.
You are covered in fur. (AC +1)
You have extremely tough skin. (AC +3)


Message History

You see here a bullfrog corpse.
You puncture the komodo dragon!
Your weapon exudes an aura of protection.
The komodo dragon is moderately wounded.
The komodo dragon closely misses you. The komodo dragon bites you!
You hit the komodo dragon.
The komodo dragon is moderately wounded.
The komodo dragon bites you!!
You sock the komodo dragon!
The komodo dragon is heavily wounded.
The komodo dragon barely misses you.
You are too injured to fight recklessly!
You barely miss the komodo dragon.
The komodo dragon is heavily wounded.
The komodo dragon bites you!
You are too injured to fight recklessly!
You hit the komodo dragon.
The komodo dragon is severely wounded.
The komodo dragon bites you. The komodo dragon bites you!!
You die...

##.#.#.##.#.#.#..#.#..#.#.#####.#
##.#.#.##.#.#.#..WW..u#.#.#####.#
............#.#########.#.##.....
...#.####.#.#...........#.#####.#
####.# #.#.#....................
...#.####.#.##...##.#.###..####.#
...'............S............####
...#.####.#.##.#l##.#......#####;
'###.# #.#.##.#@##.#........##≈≈
.###.## #.#.##.#.##.#.....##.#≈≈≈
......# #.#.##.#.##..........#≈≈≈
.###.## #....................#≈≈≈
.#.#.# ###.##.####.#.#....#.#≈≈≈
.#.#.# #.##(####.#.#....#.#≈≈≈
##.#.# #...........#....#.##≈≈
.....# #.##.............#.###≈
##.### #.##.########....### ##


You could see a komodo dragon, a shadow, Ekaitz's ghost and an adder.

Vanquished Creatures
  Psyche (D:8)
  Grinder (D:3)
  2 sky beasts
  A phantom (D:5)
  An ice beast (D:6)
  A necrophage (D:8)
  4 ogres
  A centaur (D:5)
  Blork the orc (D:5)
  A big kobold (D:8)
  2 bullfrogs
  A scorpion (D:7)
  3 wights (D:7)
  A bullfrog zombie (D:8)
  A bullfrog skeleton (D:6)
  A jelly (D:9)
  4 orc priests
  Crazy Yiuf (D:5)
  3 orc wizards
  A centaur skeleton (D:8)
  Jessica (D:2)
  Ijyb (D:3)
  2 iguanas (D:4)
  5 worker ants
  A killer bee zombie (D:6)
  Robin (D:1)
  A howler monkey zombie (D:5)
  8 adders
  3 gnolls (D:7)
  An ufetubus (D:5)
  3 oozes
  An adder skeleton (D:6)
  A worm (D:2)
  4 dart slugs
  2 leopard geckos
  17 orcs
  A ball python (D:3)
  9 giant cockroaches
  16 goblins
  7 hobgoblins
  18 jackals
  11 kobolds
  3 quokkas
  6 bats
  7 frilled lizards
  A leopard gecko skeleton (D:3)
  9 rats
  A spectral orc (D:4)
173 creatures vanquished.

Vanquished Creatures (others)
  16 fungi
  11 plants (D:9)
27 creatures vanquished.

Grand Total: 200 creatures vanquished

Notes
Turn   | Place    | Note
-------+----------+-------------------------------------------
     0 | D:1      | Zeld the Troll Hunter began the quest for the Orb.
     0 | D:1      | Reached XP level 1. HP: 19/19 MP: 0/0
   407 | D:1      | Reached XP level 2. HP: 21/28 MP: 1/1
   862 | D:1      | Reached XP level 3. HP: 34/35 MP: 2/2
  1052 | D:2      | Found a stormy altar of Qazlal.
  1247 | D:2      | Reached skill level 4 in Throwing
  1434 | D:2      | Noticed Robin
  1684 | D:1      | Killed Robin
  1685 | D:1      | Reached skill level 1 in Armour
  1685 | D:1      | Reached XP level 4. HP: 34/44 MP: 3/3
  1741 | D:2      | Noticed Jessica
  1753 | D:2      | Killed Jessica
  2412 | D:3      | Found an opulent altar of Gozag.
  2445 | D:3      | Noticed an ogre
  2449 | D:3      | Reached XP level 5. HP: 52/52 MP: 4/4
  2512 | D:3      | Killed an ogre
  2887 | D:3      | Reached XP level 6. HP: 44/61 MP: 5/5
  2994 | D:3      | Noticed Grinder
  3012 | D:3      | Paralysed by Grinder for 3 turns
  3017 | D:3      | Paralysed by Grinder for 4 turns
  3021 | D:3      | Killed Grinder
  3022 | D:3      | Reached skill level 5 in Throwing
  3100 | D:3      | Found a white marble altar of Elyvilon.
  3120 | D:3      | Reached XP level 7. HP: 66/68 MP: 6/6
  3199 | D:3      | Noticed Ijyb
  3212 | D:3      | Killed Ijyb
  3424 | D:4      | Found a snail-covered altar of Cheibriados.
  3793 | D:4      | Found a basalt altar of Yredelemnul.
  4520 | D:5      | Entered Level 5 of the Dungeon
  4723 | D:5      | Reached skill level 1 in Maces & Flails
  5012 | D:5      | Found a sparkling altar of Nemelex Xobeh.
  5234 | D:5      | Noticed Blork the orc
  5252 | D:5      | Killed Blork the orc
  5253 | D:5      | Reached skill level 6 in Throwing
  5259 | D:5      | Reached XP level 8. HP: 45/79 MP: 7/7
  5339 | D:5      | Found a staircase to the Ecumenical Temple.
  5866 | Temple   | Entered the Ecumenical Temple
  6247 | D:5      | Found a runed translucent door.
  6248 | D:5      | Noticed Crazy Yiuf
  6560 | D:5      | Killed Crazy Yiuf
  6797 | D:6      | Found a stormy altar of Qazlal.
  7320 | D:6      | Reached skill level 5 in Fighting
  8332 | D:7      | Reached XP level 9. HP: 84/85 MP: 8/8
  8804 | D:8      | Reached skill level 7 in Throwing
  8937 | D:8      | Noticed Psyche
  9356 | D:8      | Noticed Ekaitz's ghost (novice DrCj)
  9358 | D:8      | Noticed a purple very ugly thing
  9373 | D:8      | Found a runed translucent gate.
  9373 | D:8      | Found a runed translucent gate.
  9374 | D:8      | Found a runed translucent gate.
  9937 | D:8      | Killed Psyche
 10176 | D:9      | Found an iron altar of Okawaru.
 10176 | D:9      | Found a glowing silver altar of Zin.
 10182 | D:9      | Became a worshipper of Warmaster Okawaru
 10202 | D:9      | Noticed a komodo dragon
 10383 | D:8      | Slain by a komodo dragon

Illustrated notes

Levels and vault maps discovered:
D:1:      erik_arrival_cave_to_civilisation [erik_arrival_cave_to_hall],
          layout_basic, serial_park_tiny_pond
D:2:      layout_loops_cross, nicolae_qazlal_eye_of_the_storm, uniq_jessica,
          uniq_robin
D:3:      layout_basic, lemuel_coloured_pillars_altar, general_overflow_altar,
          minmay_ogre_servants, uniq_grinder, uniq_ijyb
D:4:      layout_basic, yredelemnul_forgotten_temple_becter,
          kennysheep_slug_shrine
D:5:      layout_loops_ring, minmay_temple_entry_nine_rooms,
          nemelex_xobeh_ov_fountains_minmay, uniq_crazy_yiuf_cottage,
          uniq_blork_the_orc
D:6:      layout_basic, old_standard_altar
D:7:      layout_rooms, minmay_crystal_water
D:8:      layout_basic, serial_aquarium, aquarium_bridge_long_joined
          [aquarium_subvault_wall, aquarium_subvault_bridge,
          aquarium_subvault_window, aquarium_subvault_wall,
          aquarium_subvault_bridge, aquarium_subvault_wall],
          aquarium_bridge_straight [aquarium_subvault_bridge,
          aquarium_subvault_wall, aquarium_subvault_bridge,
          aquarium_subvault_window], aquarium_window_corridor_2,
          aquarium_window_fake, aquarium_window_fake, aquarium_view_2e,
          aquarium_view_2g, aquarium_pool_1, gammafunk_ghost_split, uniq_psyche
D:9:      layout_roguey, gammafunk_temple_overflow_wave,
          grunt_lair_entry_orc_guard_hut, serial_shops, shop_scrolls,
          basic_altar
Temple:   eino_temple_scatter_basement

Skill      XL: |  1  2  3  4  5  6  7  8  9 |
---------------+----------------------------+-----
Fighting       | 2 3 4 5 |  5.9
Throwing       | 4 5 6 7 |  7.3
Dodging        | 2 3 4 |  4.2
Armour         | 1 2 3 |  3.7
Maces & Flails | 1 3 4 |  4.4
Stealth        | |  0.3

Action                   |  1- 3 |  4- 6 |  7- 9 || total
-------------------------+-------+-------+-------++-------
Melee: Unarmed           |   132 |    96 |   251 ||   479
       Dagger            |       |    70 |    43 ||   113
       Giant club        |       |       |    28 ||    28
       Morningstar       |       |       |   176 ||   176
Throw: Large rock        |       |       |     3 ||     3
       Throwing net      |       |       |     1 ||     1
 Stab: Sleeping          |     3 |       |     1 ||     4
Armor: Robe              |    57 |    69 |   253 ||   379
Dodge: Dodged            |    84 |    87 |   342 ||   513
